 Dungeon Crawl Stone Soup version 0.27.1-3-gb3d3a73c9e (webtiles) character file.

Game seed: 17780956323173630317

2147 Yaksher the Grappler (level 9, -3/88 HPs)
             Began as a Troll Berserker on Oct 11, 2021.
             Was a Priest of Trog.
             Slain by a bullfrog (6 damage)
             ... on level 6 of the Dungeon.
             The game lasted 00:17:56 (4334 turns).

Yaksher the Grappler (Troll Berserker)              Turns: 4334, Time: 00:17:57

Health: -3/88      AC:  5    Str: 34    XL:     9   Next: 9%
Magic:  8/8        EV: 12    Int:  3    God:    Trog [***...]
Gold:   269        SH:  0    Dex: 14    Spells: 8/8 levels left

rFire    + . .     SeeInvis .     - Unarmed
rCold    . . .     Faith    .   (no shield)
rNeg     . . .     Spirit   .   a - +1 animal skin
rPois    .         Reflect  .   (helmet restricted)
rElec    .         Harm     .   (no cloak)
rCorr    .         Rampage  .   (gloves unavailable)
Will     .....                  (boots unavailable)
Stlth    +.........             l - amulet of the Vanishing Curses {RegenMP Str+7 Dex+2}
HPRegen  1.24/turn              n - ring of protection from fire
MPRegen  0.36/turn              (no ring)

@: no status effects
A: large, unfitting armour, claws 3, regeneration 1, shaggy fur 1, tough skin 1
a: Renounce Religion, Berserk, Trog's Hand


You were on level 6 of the Dungeon.
You worshipped Trog.
Trog was most pleased with you.
You visited 2 branches of the dungeon, and saw 8 of its levels.

You collected 269 gold pieces.

Inventory:

Armour
 a - a +1 animal skin (worn)
Jewellery
 l - the amulet of the Vanishing Curses (around neck) {RegenMP Str+7 Dex+2}
   (You found it on level 4 of the Dungeon)

   [amulet of magic regeneration]

   It increases your rate of magic regeneration.
   Str:       It affects your strength (+7).
   Dex:       It affects your dexterity (+2).
 n - a ring of protection from fire (left claw)
Wands
 f - a wand of flame (23)
 i - a wand of charming (8)
Scrolls
 d - a scroll of acquirement {unknown}
 g - a scroll of holy word
 h - 2 scrolls of enchant weapon
 p - a scroll of fog {unknown}
Potions
 b - a potion of mutation
 c - a potion of lignification {unknown}
 e - a potion of brilliance
 j - a potion of cancellation {unknown}
 k - a potion of ambrosia
 m - a potion of might
 o - a potion of haste {unknown}


   Skills:
 + Level 5.5 Fighting
 + Level 5.5 Dodging
 * Level 9.1 Unarmed Combat


You had 8 spell levels left.
You didn't know any spells.
Your spell library contained the following spells:

 Spells                   Type           Power      Damage    Failure   Level
 Ensorcelled Hibernation  Hex/Ice        0%         N/A       67%         2
 Ignite Poison            Fire/Tmut/Pois 0%         N/A       88%         3
 Mephitic Cloud           Conj/Pois/Air  0%         N/A       88%         3
 Bolt of Magma            Conj/Fire/Erth 0%         4d4       100%        5
 Lehudib's Crystal Spear  Conj/Erth      0%         10d2      100%        8


Dungeon Overview and Level Annotations

Branches:
Dungeon (7/15)             Temple (1/1) D:4

Altars:
Ashenzari
Dithmenos
Fedhas
Gozag
Hepliaklqana
Kikubaaqudgha
Makhleb
Qazlal
Ru
Sif Muna
Trog
Uskayaw
Vehumet
Wu Jian
Xom
Yredelemnul
Zin
The Shining One

Shops:
D:5 =

Annotations:
D:6 3 runed translucent doors, karkarkar's ghost, novice MiBe


Innate Abilities, Weirdness & Mutations

You are too large for most types of armour.
You have claws for hands.
Your natural rate of healing is unusually fast.
You are covered in fur. (AC +1)
You have tough skin. (AC +1)


Message History

The gnoll sergeant hits you from afar with a +0 spear!
* * * LOW HITPOINT WARNING * * *
The bullfrog hits you.
* * * LOW HITPOINT WARNING * * *
The iguana misses you. The hound misses you.
The gnoll hits you from afar with a +0 spear.
* * * LOW HITPOINT WARNING * * *
You climb upwards.
Level annotation: 3 runed translucent doors, karkarkar's ghost, novice MiBe
There is a stone staircase leading down here.
Okay, then.
Okay, then.
You are too injured to fight recklessly!
You barely miss the hound. The bullfrog barely misses you.
The iguana closely misses you. The hound bites you but does no damage.
The bullfrog hits you!
* * * LOW HITPOINT WARNING * * *
The hound bites you.
* * * LOW HITPOINT WARNING * * *
The hound bites you but does no damage.
You claw the hound!
The hound is severely wounded.
The hound closely misses you.
You scratch the hound.
The hound is severely wounded.
The hound barely misses you. The hound bites you.
* * * LOW HITPOINT WARNING * * *
You mangle the hound!!
You kill the hound!
Trog accepts your kill. The bullfrog hits you.
* * * LOW HITPOINT WARNING * * *
The sentinel's mark upon you fades away.
The bullfrog hits you.
* * * LOW HITPOINT WARNING * * *
Okay, then.
The bullfrog hits you.
* * * LOW HITPOINT WARNING * * *
You closely miss the bullfrog. The bullfrog hits you.
You die...

####.......................#
....#.......#..............#
..................>........#
......#######..#+#.#########
[##...≈≈≈....#..........#
.#.....≈................#
................l.......#
..≈..........§).F.......#
.≈≈..........≈≈)@#'######
..............))...#
...................#
......####......§.§# .....##
##......≈§# .....#
#.....§≈.# .....# #......≈.#
.....## ##.....§..######
......####..............#


You could see a bullfrog and an iguana.

Vanquished Creatures
  A two-headed ogre (D:6)
  Grinder (D:4)
  Sigmund (D:2)
  Menkaure (D:4)
  2 water moccasins (D:6)
  An orc warrior (D:6)
  A necrophage (D:6)
  A scorpion (D:5)
  3 hounds
  2 jellies
  A bullfrog skeleton (D:6)
  Jessica (D:2)
  2 iguanas
  4 orc wizards
  Terence (D:2)
  Robin (D:2)
  9 gnolls
  3 adders
  A shadow imp (D:6)
  2 worms
  A dart slug (D:2)
  12 orcs
  7 ball pythons
  3 endoplasms
  3 giant cockroaches
  15 goblins
  4 hobgoblins
  4 jackals (D:1)
  5 kobolds
  A quokka (D:4)
  A bat (D:1)
  A frilled lizard (D:1)
  A rat (D:1)
97 creatures vanquished.

Notes
Turn   | Place    | Note
-------+----------+-------------------------------------------
     0 | D:1      | Yaksher the Troll Berserker began the quest for the Orb.
     0 | D:1      | Reached XP level 1. HP: 22/22 MP: 0/0
   264 | D:1      | Reached XP level 2. HP: 26/26 MP: 1/1
   644 | D:2      | Noticed Terence
   649 | D:2      | Killed Terence
   650 | D:2      | Reached XP level 3. HP: 34/36 MP: 2/2
   686 | D:2      | Reached ** piety under Trog
   708 | D:2      | Noticed Sigmund
   715 | D:2      | Killed Sigmund
   716 | D:2      | Reached skill level 5 in Unarmed Combat
   716 | D:2      | Reached XP level 4. HP: 45/45 MP: 3/3
   716 | D:2      | Reached XP level 5. HP: 53/53 MP: 4/4
   977 | D:2      | Found a faded altar of an unknown god.
   978 | D:2      | Noticed an eye of devastation
   980 | D:2      | Noticed a floating eye
   980 | D:2      | Noticed a golden eye
   980 | D:2      | Noticed a floating eye
   982 | D:2      | Noticed Jessica
   988 | D:2      | Killed Jessica
  1141 | D:2      | Noticed Robin
  1167 | D:2      | Killed Robin
  1168 | D:2      | Reached XP level 6. HP: 19/61 MP: 5/5
  2100 | D:3      | Found a shimmering altar of Xom.
  2397 | D:4      | Found a staircase to the Ecumenical Temple.
  2417 | D:4      | Noticed Grinder
  2425 | D:4      | Killed Grinder
  2426 | D:4      | Reached skill level 6 in Unarmed Combat
  2426 | D:4      | Reached XP level 7. HP: 65/68 MP: 6/6
  2448 | Temple   | Entered the Ecumenical Temple
  2595 | D:4      | Identified the amulet of the Vanishing Curses {RegenMP
                  | Str+7 Dex+2}
  2659 | D:4      | Got Hefubud's Almanac of Enchanting Clay
  2675 | D:4      | Found a shadowy altar of Dithmenos.
  2814 | D:4      | Noticed Menkaure
  2830 | D:4      | Killed Menkaure
  3065 | D:5      | Entered Level 5 of the Dungeon
  3220 | D:5      | Found a glowing golden altar of the Shining One.
  3409 | D:5      | Found Taostrasi's Jewellery Shop.
  3535 | D:6      | Reached skill level 7 in Unarmed Combat
  3587 | D:6      | Noticed a two-headed ogre
  3592 | D:6      | HP: 3/71 [two-headed ogre (18)]
  3670 | D:6      | Found a runed translucent gate.
  3670 | D:6      | Found a runed translucent gate.
  3670 | D:6      | Found a runed translucent gate.
  3672 | D:6      | Found an opulent altar of Gozag.
  3672 | D:6      | Noticed a gargoyle
  3675 | D:6      | Noticed a manticore
  3676 | D:6      | Noticed karkarkar's ghost (novice MiBe)
  3708 | D:6      | Reached *** piety under Trog
  3709 | D:6      | Reached XP level 8. HP: 63/79 MP: 7/7
  3819 | D:6      | Found an ornate altar of the Wu Jian Council.
  3879 | D:6      | Killed a two-headed ogre
  3880 | D:6      | Reached skill level 5 in Fighting
  3880 | D:6      | Reached skill level 5 in Dodging
  3880 | D:6      | Reached skill level 8 in Unarmed Combat
  4049 | D:6      | Reached skill level 9 in Unarmed Combat
  4049 | D:6      | Reached XP level 9. HP: 37/88 MP: 8/8
  4176 | D:6      | Found a burning altar of Makhleb.
  4331 | D:6      | HP: 4/88 [bullfrog (4)]
  4334 | D:6      | Slain by a bullfrog

Illustrated notes

Levels and vault maps discovered:
D:1:      wander_arrival_peaceful_grave, layout_basic
D:2:      layout_basic, hellmonk_ecumenical_altar_watching_god, uniq_jessica,
          uniq_sigmund, uniq_terence, uniq_robin
D:3:      minmay_evil_eye, layout_loops_ring, mainiacjoe_overflow_alcove_4,
          chequers_serial_rivers_large_b, amcnicky_mini_rare_corridor_liquid
D:4:      layout_basic, old_standard_altar, temple_fountains, uniq_menkaure,
          uniq_grinder
D:5:      layout_basic, nicolae_tso_carved_into_rock, serial_shops,
          nicolae_shop_trees
D:6:      layout_basic, mainiacjoe_overflow_six_doors_small,
          nzn_wu_jian_council_hall, ebering_ghost_gozag, minmay_misc_feat_room,
          corexii_shack, kennysheep_decorative_pillar, supply_closet_lemuel
D:7:      layout_basic
Temple:   cyrus_circular_temple

Skill      XL: |  1  2  3  4  5  6  7  8 |
---------------+-------------------------+-----
Fighting       | 3 4 5 |  5.5
Dodging        | 3 4 5 |  5.5
Unarmed Combat | 5 6 7 9 |  9.1

Action                   |  1- 3 |  4- 6 |  7- 9 || total
-------------------------+-------+-------+-------++-------
Melee: Unarmed           |    64 |    72 |   127 ||   263
       Punch             |       |     1 |     6 ||     7
Invok: Berserk           |       |     1 |     1 ||     2
  Use: Scroll            |       |       |     8 ||     8
       Potion            |       |       |     6 ||     6
 Stab: Sleeping          |       |     1 |       ||     1
Armor: Animal skin       |    18 |    21 |    33 ||    72
Dodge: Dodged            |    38 |    36 |    89 ||   163
